 Dungeon Crawl Stone Soup version 0.29.1-12-g30fa7ad0bf (webtiles) character file.

Game seed: 2923139449491535086

28521 Mitcholas the Grappler (level 13, 0/133 HPs)
             Began as a Troll Fighter on Dec 28, 2022.
             Was a High Priest of Wu Jian.
             Slain by a seven-headed hydra (1 damage)
             ... on level 4 of the Lair of Beasts on Dec 29, 2022.
             The game lasted 01:07:08 (13834 turns).

Mitcholas the Grappler (Troll Fighter)             Turns: 13834, Time: 01:07:09

Health: 0/133      AC:  9    Str: 27    XL:     13   Next: 10%
Magic:  12/12      EV: 10    Int:  8    God:    Wu Jian [*****.]
Gold:   167        SH: 15    Dex:  9    Spells: 12/12 levels left

rFire   . . .      SeeInvis .   b - +3 whip (freeze)
rCold   . . .      Faith    .   f - +0 kite shield
rNeg    . . .      Spirit   .   K - +0 troll leather armour
rPois   .          Reflect  +   (helmet restricted)
rElec   .          Harm     .   n - +2 cloak
rCorr   .          Rampage  .   (gloves unavailable)
Will    +....                   (boots unavailable)
Stlth   +.........              J - amulet of reflection
HPRegen 1.92/turn               E - ring of willpower
MPRegen 0.13/turn               O - +4 ring of slaying

@: studying Fighting
A: large, unfitting armour, claws 3, regeneration 1, shaggy fur 1, tough skin 1
a: Renounce Religion, Wall Jump, Serpent's Lash, Heavenly Storm


You were on level 4 of the Lair of Beasts.
You worshipped Wu Jian.
Wu Jian was extremely pleased with you.
You visited 3 branches of the dungeon, and saw 16 of its levels.
You also visited: Ossuary.

You collected 1679 gold pieces.
You spent 1512 gold pieces at shops.

Inventory:

Hand Weapons
 b - a +3 whip of freezing (weapon)
Missiles
 l - 25 poisoned darts (quivered)
 v - 4 atropa-tipped darts
 x - 2 throwing nets
 A - 2 silver boomerangs
 H - 5 silver javelins
 P - 2 curare-tipped darts
Armour
 f - a +0 kite shield (worn)
 n - a +2 cloak (worn)
 K - a +0 troll leather armour (worn)
Jewellery
 E - a ring of willpower (left claw)
 F - a +6 ring of strength
 J - an amulet of reflection (around neck)
 N - the ring of Usolyss {Ice Drain +Blink Will++}
   (You found it on level 3 of the Lair of Beasts)

   [ring of ice]

   It enhances your ice magic.
   rF:        It makes you vulnerable to fire.
   rC:        It protects you from cold.
   +Blink:    It lets you blink.
   Drain:     It drains your maximum health when unequipped.
   Will:      It greatly increases your willpower.
 O - a +4 ring of slaying (right claw)
Wands
 y - a wand of digging (4)
 G - a wand of light (6)
Scrolls
 a - 3 scrolls of identify
 g - 5 scrolls of teleportation
 h - a scroll of butterflies
 o - a scroll of fear
 p - 2 scrolls of summoning
 q - 2 scrolls of magic mapping {unknown}
 r - 3 scrolls of amnesia
 z - a scroll of blinking {unknown}
 D - 2 scrolls of torment {unknown}
 I - 2 scrolls of enchant armour
 M - 3 scrolls of poison {unknown}
Potions
 c - 6 potions of curing
 d - 2 potions of haste
 e - 3 potions of heal wounds
 i - 4 potions of magic
 j - 2 potions of brilliance
 k - 2 potions of cancellation
 m - a potion of mutation
 s - 2 potions of attraction
 t - 2 potions of berserk rage
 u - 4 potions of flight
 w - 2 potions of ambrosia
 B - a potion of invisibility {unknown}
 C - a potion of might
Miscellaneous
 L - a box of beasts


   Skills:
 + Level 9.9 Fighting
 + Level 7.7 Dodging
 + Level 10.1 Shields
 * Level 14.7 Unarmed Combat


You had 12 spell levels left.
You didn't know any spells.
Your spell library contained the following spells:

 Spells                   Type           Power      Damage    Failure   Level
 Apportation              Tloc           0%         N/A       67%         1
 Beastly Appendage        Tmut           0%         N/A       67%         1
 Sting                    Tmut/Pois      0%         1d3       67%         1
 Poisonous Vapours        Pois/Air       0%         N/A       80%         2
 Sublimation of Blood     Necr           0%         N/A       80%         2
 Wereblood                Tmut           0%         N/A       80%         2
 Confusing Touch          Hex            0%         N/A       95%         3
 Dazzling Flash           Conj/Hex       0%         N/A       95%         3
 Spider Form              Tmut/Pois      0%         N/A       95%         3
 Summon Guardian Golem    Hex/Summ       0%         N/A       95%         3
 Corpse Rot               Necr/Pois/Air  0%         N/A       100%        4
 Dispel Undead            Necr           0%         3d6       100%        4
 Olgreb's Toxic Radiance  Pois           0%         N/A       100%        4
 Agony                    Necr           0%         N/A       100%        5
 Alistair's Intoxication  Tmut/Pois      0%         N/A       100%        5
 Silence                  Hex/Air        0%         N/A       100%        5
 Yara's Violent Unravell  Hex/Tmut       0%         3d3       100%        5
 Death Channel            Necr           0%         N/A       100%        6
 Enfeeble                 Hex            0%         N/A       100%        7
 Malign Gateway           Summ/Tloc      0%         N/A       100%        7
 Summon Hydra             Summ           0%         N/A       100%        7
 Summon Horrible Things   Summ           0%         N/A       100%        8


Dungeon Overview and Level Annotations

Branches:
Dungeon (11/15)            Temple (1/1) D:4            Lair (4/5) D:8
 Shoals (0/4) Lair:3       Spider (0/4) Lair:3        Slime (0/5) Lair:4
Ossuary (visited)
    Orc: D:9-12

Altars:
Ashenzari
Cheibriados
Dithmenos
Elyvilon
Fedhas
Gozag
Hepliaklqana
Kikubaaqudgha
Makhleb
Nemelex Xobeh
Okawaru
Qazlal
Ru
Sif Muna
Trog
Uskayaw
Vehumet
Wu Jian
Xom
Yredelemnul
Zin
The Shining One

Shops:
D:6 =(**=   D:10 *

Annotations:
D:5 1 runed translucent door, Crazy Yiuf


Innate Abilities, Weirdness & Mutations

You are too large for most types of armour.
You have claws for hands.
Your natural rate of healing is unusually fast.
You are covered in fur. (AC +1)
You have tough skin. (AC +1)


Message History

Your +3 whip of freezing glows with a cold blue light!
b - a +3 whip of freezing (weapon)
The seven-headed hydra roars!
You lunge at the seven-headed hydra.
You whack the seven-headed hydra! You freeze the seven-headed hydra.
The seven-headed hydra is lightly wounded.
You block the seven-headed hydra's attack.
The seven-headed hydra bites you. The seven-headed hydra bites you! x3
The seven-headed hydra bites you but does no damage. x2
You whack the seven-headed hydra! You freeze the seven-headed hydra.
The seven-headed hydra is moderately wounded.
The seven-headed hydra bites you but does no damage.
You block the seven-headed hydra's attack.
The seven-headed hydra bites you.
The seven-headed hydra barely misses you.
The seven-headed hydra bites you! The seven-headed hydra bites you. x2
You barely miss the seven-headed hydra.
The seven-headed hydra is moderately wounded.
You block the seven-headed hydra's attack.
The seven-headed hydra bites you. x2
You block the seven-headed hydra's attack.
The seven-headed hydra barely misses you.
The seven-headed hydra bites you. The seven-headed hydra bites you!
You barely miss the seven-headed hydra.
The seven-headed hydra is moderately wounded.
You block the seven-headed hydra's attack. x4
The seven-headed hydra bites you! x2
* * * LOW HITPOINT WARNING * * *
The seven-headed hydra bites you.
* * * LOW HITPOINT WARNING * * *
The seven-headed hydra bites you!
* * * LOW HITPOINT WARNING * * *
The seven-headed hydra bites you!
* * * LOW HITPOINT WARNING * * *
The seven-headed hydra bites you.
* * * LOW HITPOINT WARNING * * *
The seven-headed hydra bites you.
* * * LOW HITPOINT WARNING * * *
The seven-headed hydra bites you.
You die...

#### ######## ## #.###### ##.P##
#..#.#.####.
.......###....###...........
..............#............ ##P
#...# #................[.. #...
##...###...................
#...##.....#....................
#.............@D...............
##......>..........P............
#.................##............
#.....#....###..#..##..P...#..#..
##...##....###.#...##..##..#..#..
##.P..#.....#..##......##...^...P
...............##...##.#...##....
#.###...#....P###..P##..#.###....
## #####....###....##..#..###...


You could see a seven-headed hydra.

Vanquished Creatures
  A hydra (Lair:1)
  Harold (D:10)
  3 death yaks (Lair:4)
  Nergalle (D:10)
  4 elephants (Lair:2)
  A merfolk siren (Lair:3)
  4 black mambas
  Maurice (D:10)
  12 cane toads
  3 komodo dragons
  2 rime drakes (Lair:1)
  A troll (D:9)
  A meliai (Lair:3)
  3 hornets
  2 slime creatures (Lair:4)
  3 polar bears
  10 blink frogs (Lair:4)
  5 wyverns
  A wraith (D:9)
  4 basilisks
  28 yaks
  A steam dragon (D:8)
  Grum (D:10)
  8 water moccasins
  2 ice beasts (D:7)
  2 orc warriors
  2 black bears
  2 ogres
  4 centaurs
  21 wolves
  2 phantoms
  2 kobold brigands (D:8)
  11 bullfrogs
  2 scorpions
  An elf skeleton (D:8)
  2 water moccasin zombies (Ossuary)
  7 wights
  15 killer bees
  3 howler monkeys (D:10)
  2 centaur zombies (Ossuary)
  2 bullfrog zombies (Ossuary)
  4 jellies
  3 hounds
  8 orc priests
  2 gnoll boudas
  A human zombie (Ossuary)
  2 human skeletons (D:8)
  6 iguanas
  6 hell rats (Lair:1)
  5 orc wizards
  A mummy (Ossuary)
  9 adders
  15 gnolls
  3 shadow imps
  2 white imps
  An ufetubus (D:6)
  6 adder zombies (Ossuary)
  3 worms
  2 dart slugs (D:3)
  26 orcs
  8 ball pythons
  8 bats
  5 endoplasms
  4 giant cockroaches
  3 gnoll zombies (Ossuary)
  8 hobgoblins
  4 jackals (D:1)
  7 quokkas
  3 frilled lizards (D:2)
  6 goblins
  2 goblin zombies (Ossuary)
  4 hobgoblin zombies (Ossuary)
  20 kobolds
  2 orc skeletons (D:8)
  5 orc zombies
  6 rats
383 creatures vanquished.

Vanquished Creatures (collateral kills)
  An orc wizard (D:8)
  An orc (D:8)
2 creatures vanquished.

Vanquished Creatures (others)
  An orc (D:6)
  10 fungi
  24 plants
35 creatures vanquished.

Grand Total: 420 creatures vanquished

Notes
Turn   | Place    | Note
-------+----------+-------------------------------------------
     0 | D:1      | Mitcholas the Troll Fighter began the quest for the Orb.
     0 | D:1      | Reached XP level 1. HP: 22/22 MP: 0/0
    98 | D:1      | Found a faded altar of an unknown god.
   169 | D:1      | Reached XP level 2. HP: 29/29 MP: 1/1
  1150 | D:2      | Reached XP level 3. HP: 36/36 MP: 2/2
  1161 | D:2      | Reached skill level 3 in Unarmed Combat
  1466 | D:2      | Reached XP level 4. HP: 37/44 MP: 3/3
  1565 | D:2      | You fall into a shaft and drop 1 floor!
  2129 | D:3      | Identified the +10 dagger "Sedeemiy" {antimagic, Str-4
                  | Dex+2 Stlth+}
  2941 | D:4      | Reached skill level 4 in Unarmed Combat
  2941 | D:4      | Reached XP level 5. HP: 40/53 MP: 4/4
  2970 | D:4      | Noticed a phantom
  2998 | D:4      | Killed a phantom
  3157 | D:4      | Reached XP level 6. HP: 57/61 MP: 5/5
  3402 | D:4      | Found a staircase to the Ecumenical Temple.
  3418 | Temple   | Entered the Ecumenical Temple
  3423 | Temple   | Became a worshipper of the Wu Jian Council
  3463 | D:4      | Got Sif Muna's Guide on Charms
  3580 | D:5      | Entered Level 5 of the Dungeon
  3769 | D:5      | Reached skill level 5 in Unarmed Combat
  4066 | D:5      | Reached XP level 7. HP: 68/68 MP: 6/6
  4146 | D:5      | Found a runed translucent door.
  4147 | D:5      | Noticed Crazy Yiuf
  4498 | D:6      | Found Haifurav's Jewellery Shop.
  4529 | D:6      | Found Dayng's General Store.
  4562 | D:6      | Found Xoinwiom's Jewellery Shoppe.
  4613 | D:6      | Reached skill level 6 in Unarmed Combat
  4686 | D:6      | Reached * piety under Wu Jian
  4753 | D:6      | Found Myoss's Antique Weapon Boutique.
  4801 | D:6      | Found a hazy altar of Hepliaklqana.
  4837 | D:6      | Found a radiant altar of Vehumet.
  4839 | D:6      | Found Puplao's General Store.
  4995 | D:6      | Reached skill level 5 in Shields
  4999 | D:6      | Reached XP level 8. HP: 59/79 MP: 5/7
  5221 | D:7      | Reached skill level 7 in Unarmed Combat
  5322 | D:7      | Reached skill level 5 in Fighting
  5394 | D:7      | Reached skill level 8 in Unarmed Combat
  5488 | D:7      | Noticed a hornet
  5498 | D:7      | Paralysed by a hornet for 1 turns
  5502 | D:7      | Paralysed by a hornet for 3 turns
  5513 | D:7      | Killed a hornet
  6070 | D:8      | Reached XP level 9. HP: 45/88 MP: 5/8
  6073 | D:8      | Identified a scroll of acquirement
  6073 | D:8      | Acquired 818 gold pieces
  6117 | D:8      | Reached ** piety under Wu Jian
  6361 | D:8      | Reached skill level 9 in Unarmed Combat
  6442 | D:8      | Found a sand-covered staircase.
  6468 | Ossuary  | Entered an ossuary
  6541 | Ossuary  | Reached *** piety under Wu Jian
  6625 | Ossuary  | Noticed a silent spectre
  6737 | D:8      | Found a basalt altar of Yredelemnul.
  6738 | D:8      | Found a sacrificial altar of Ru.
  6739 | D:8      | Found a white marble altar of Elyvilon.
  6739 | D:8      | Found a bloodstained altar of Trog.
  6739 | D:8      | Found a burning altar of Makhleb.
  6739 | D:8      | Found a broken altar of Ashenzari.
  6740 | D:8      | Found a glowing golden altar of the Shining One.
  6868 | D:8      | Found a sparkling altar of Nemelex Xobeh.
  6869 | D:8      | Found a blossoming altar of Fedhas.
  6870 | D:8      | Found an ancient bone altar of Kikubaaqudgha.
  7153 | D:8      | Found a staircase to the Lair.
  7256 | D:9      | Paralysed by a hornet for 3 turns
  7365 | D:9      | Reached skill level 10 in Unarmed Combat
  7448 | D:9      | Reached XP level 10. HP: 57/98 MP: 6/9
  7450 | D:9      | Reached **** piety under Wu Jian
  7799 | D:6      | Bought an amulet of reflection for 420 gold pieces
  7872 | D:10     | Entered Level 10 of the Dungeon
  8074 | D:9      | Paralysed by a hornet for 2 turns
  8202 | D:9      | Reached skill level 11 in Unarmed Combat
  8501 | D:10     | Found Xoinidipn's CLEARANCE SALE!.
  8550 | D:10     | Reached skill level 5 in Dodging
  8654 | D:10     | Noticed Maurice
  8681 | D:10     | Killed Maurice
  8706 | D:10     | Noticed Nergalle
  8816 | D:10     | Killed Nergalle
  8817 | D:10     | Reached XP level 11. HP: 78/102 MP: 10/10
  8858 | D:10     | Noticed Harold
  8858 | D:10     | Noticed Grum
  8870 | D:10     | Killed Grum
  8890 | D:10     | Killed Harold
  9185 | Lair:1   | Entered Level 1 of the Lair of Beasts
  9251 | Lair:1   | Reached skill level 12 in Unarmed Combat
  9353 | Lair:1   | Noticed a four-headed hydra
  9369 | Lair:1   | Killed a six-headed hydra
  9443 | Lair:1   | Reached ***** piety under Wu Jian
 10255 | Lair:2   | Reached skill level 13 in Unarmed Combat
 10384 | Lair:2   | Reached XP level 12. HP: 119/119 MP: 11/11
 11045 | Lair:2   | Acquired a manual of Fighting
 11082 | Lair:3   | Noticed a seven-headed hydra
 11434 | Lair:3   | Identified the ring of Usolyss {Ice Drain +Blink Will++}
 11524 | Lair:3   | Found a hole to the Spider Nest.
 11739 | Lair:3   | Found a staircase to the Shoals.
 12208 | D:6      | Bought a +4 ring of slaying for 1092 gold pieces
 12371 | Lair:4   | Noticed a seven-headed hydra
 12488 | Lair:4   | Reached skill level 14 in Unarmed Combat
 12505 | Lair:4   | Found a staircase to the Slime Pits.
 13180 | Lair:4   | Noticed a death yak
 13181 | Lair:4   | Noticed a death yak
 13182 | Lair:4   | Noticed a death yak
 13193 | Lair:4   | Killed a death yak
 13198 | Lair:4   | Killed a death yak
 13205 | Lair:4   | Killed a death yak
 13459 | Lair:4   | Reached skill level 10 in Shields
 13508 | Lair:4   | Reached XP level 13. HP: 110/133 MP: 12/12
 13834 | Lair:4   | HP: 5/133 [seven-headed hydra (9)]
 13834 | Lair:4   | HP: 1/133 [seven-headed hydra (3)]
 13834 | Lair:4   | Slain by a seven-headed hydra

Illustrated notes

Levels and vault maps discovered:
D:1:      dpeg_arrival_lava_altar, layout_loops_corners,
          shapermc_ecumenical_altar_totnotflames
D:2:      layout_loops_ring
D:3:      layout_loops_corners, serial_glass, glass_columns_b, glass_columns_b
D:4:      layout_basic, minmay_temple_entry_glass, serial_forest,
          infiniplex_forest_straight_4, infiniplex_forest_lined_3,
          infiniplex_forest_clump_small, infiniplex_forest_lined_1,
          infiniplex_forest_clump_curved, infiniplex_forest_lined_room_3,
          infiniplex_forest_clump_double, infiniplex_forest_corner_1,
          infiniplex_forest_clump_small, infiniplex_forest_lined_3
D:5:      layout_loops_ring, nrook_mini_vaults, minmay_tree_intersection,
          chequers_serial_rivers_micro_b, uniq_crazy_yiuf_cottage
D:6:      layout_rooms, mainiacjoe_overflow_catwalk,
          mainiacjoe_overflow_small_starburst, serial_shops,
          nicolae_shop_waterfront, nicolae_shop_stone, nicolae_shop_crystal,
          shop, nicolae_diamond_shop
D:7:      layout_loops_ring, corexii_leaking_fountain
D:8:      layout_basic, minitemple, lair_entry_dummy, enter_bailey_2,
          nicolae_ossuary_entry_catacombs
D:9:      layout_roguey
D:10:     layout_gridville, nicolae_shop_clearance, uniq_maurice, uniq_harold,
          uniq_grum, uniq_nergalle
D:11:     layout_loops_cross
Temple:   hellmonk_temple_micro_hex
Lair:1:   layout_gridlike, grunt_megastairs_4, lemuel_fruit_fields
Lair:2:   layout_cave_shapes, serial_bayou_shore_a
Lair:3:   layout_regular_city, minmay_shoals_entry_lonely_mermaid,
          hellmonk_spider_entry_not_the_bees
Lair:4:   layout_gridlike, minmay_slime_entry_pillars,
          nicolae_volcano_entry_hallway

Skill      XL: |  1  2  3  4  5  6  7  8  9 10 11 12 |
---------------+-------------------------------------+-----
Shields        | 3 4 5 6 7 8 9 10 | 10.1
Unarmed Combat | 3 4 5 6 8 10 11 13 14 | 14.7
Fighting       | 3 4 5 6 7 8 9 |  9.9
Dodging        | 3 5 6 7 |  7.7

Action                   |  1- 3 |  4- 6 |  7- 9 | 10-12 | 13-15 || total
-------------------------+-------+-------+-------+-------+-------++-------
Melee: Unarmed           |   105 |   152 |   389 |   677 |    28 ||  1351
       Whip              |       |       |       |       |     4 ||     4
Throw: Dart              |       |     4 |     7 |     8 |       ||    19
       Throwing net      |       |       |       |     2 |       ||     2
Invok: Lunge             |       |     6 |    51 |    82 |     6 ||   145
       Whirlwind         |       |       |     5 |   124 |     8 ||   137
       Serpent's Lash    |       |       |       |     1 |       ||     1
Evoke: Wand              |       |       |     2 |    13 |       ||    15
       Box of beasts     |       |       |       |     1 |       ||     1
  Use: Scroll            |       |       |    22 |     8 |       ||    30
       Potion            |       |       |     2 |     1 |     2 ||     5
 Stab: Sleeping          |     1 |     1 |       |       |       ||     2
       Invisible         |       |       |       |     1 |       ||     1
Armor: Robe              |    36 |    38 |   105 |    10 |       ||   189
       Troll leather arm |       |       |       |   128 |     5 ||   133
Dodge: Dodged            |    42 |    31 |   124 |   186 |     9 ||   392
Block: Kite shield       |    20 |    42 |   148 |   394 |    29 ||   633
       Reflection        |       |       |       |     3 |       ||     3
